Map: [ESL] Solaris

Players

Ukko - Winner!

  • Race: Zerg Zerg
  • Spawn Location: 7:00

Mixu

  • Race: Zerg Zerg
  • Spawn Location: 1:00

Event: ESL SC2 Masters 2023 Winter (Finals)

VOD

Have the link to the VOD?

Description

Time

  • Played on: Dec. 15, 2023, 10:39 a.m.
  • Length: 7:53

All games in this series

Show
View Real Time Build Order
Export as new Build Order

Ukko Zerg - Winner!

Build Orders: Pool First 

Get SALT Encoding   

  12  0:16  Spawning Pool  
  11  0:21  Drone  
  11  0:27  Drone  
  13  0:30  Drone  
  14  0:39  Overlord  
  14  1:03  Zergling x4  
  16  1:04  Zergling x2  
  17  1:15  Zergling x2  
  17  1:17  Hatchery  
  17  1:26  Zergling x2  
  17  1:32  Queen  
  18  1:38  Drone  
  21  1:47  Overlord  
  21  1:58  Drone  
  22  2:08  Queen  
  22  2:13  Drone  
  24  2:20  Drone  
  22  2:32  Drone, Queen  
  22  2:33  Drone  
  26  2:42  Drone x2  
  26  2:43  Drone x3  
  31  2:45  Extractor  
  30  2:51  Overlord  
  30  2:53  Drone  
  31  3:01  Queen  
  31  3:05  Drone  
  34  3:07  Drone  
  35  3:13  Overlord  
  35  3:15  Drone  
  35  3:17  Drone  
  38  3:20  Drone  
  38  3:22  Drone  
  38  3:24  Drone  
  40  3:30  Drone  
  41  3:36  Drone x2, Evolution Chamber  
  41  3:41  Roach Warren  
  41  3:46  Drone x2  
  43  3:51  Lair  
  43  3:52  Extractor  
  43  3:54  Drone  
  43  3:55  Drone  
  44  3:58  Extractor  
  44  3:59  Overlord  
  44  4:02  Drone  
  45  4:04  Drone  
  45  4:06  Drone  
  45  4:07  Drone  
  45  4:09  Drone  
  49  4:13  Drone  
  50  4:20  Drone x5  
  50  4:21  Extractor  
  50  4:24  Zerg Missile Weapons Level 1  
  54  4:26  Drone  
  54  4:27  Extractor  
  54  4:37  Evolution Chamber  
  53  4:41  Roach x3  
  59  4:49  Overlord x4  
  59  4:53  Glial Reconstitution  
  59  4:58  Overlord  
  59  5:00  Evolution Chamber  
  59  5:01  Overlord  
  59  5:08  Roach x3  
  59  5:10  Roach  
  59  5:12  Roach  
  69  5:16  Roach  
  69  5:17  Roach  
  73  5:22  Roach  
  75  5:29  Roach x3  
  75  5:31  Roach  
  87  5:35  Roach x2  
  87  5:37  Roach  
  87  5:42  Roach  
  91  5:44  Roach  
  91  5:47  Roach  
  91  5:48  Roach  
  97  5:51  Roach  
  99  5:57  Overlord  
  99  5:58  Overlord  
  99  6:03  Roach x5  
  99  6:04  Overlord  
  99  6:09  Overlord  
  99  6:11  Roach x2  
  99  6:18  Ravager x5  
  100  6:24  Roach x7  
  100  6:25  Ravager x2  
  113  6:26  Ravager  
  113  6:30  Ravager  
  113  6:31  Ravager  
  110  6:34  Ravager  
  110  6:35  Roach x2  
  115  6:42  Roach x3  
  121  6:53  Roach  
  121  6:54  Roach x3  
  123  6:58  Roach  
  114  7:06  Roach x4  
  108  7:15  Roach x4  
  102  7:26  Roach x2  
Show
View Real Time Build Order
Export as new Build Order

Mixu Zerg 

Build Orders: Hatch First 

Get SALT Encoding   

  12  0:00  Drone  
  13  0:12  Overlord  
  13  0:16  Drone  
  14  0:30  Drone x2  
  16  0:47  Hatchery  
  15  0:51  Drone  
  15  0:54  Drone  
  17  0:57  Drone  
  18  1:08  Extractor  
  17  1:12  Spawning Pool  
  16  1:19  Drone x2  
  18  1:27  Drone  
  19  1:59  Zergling x2, Queen x2  
  19  2:00  Zergling x6  
  27  2:12  Zergling x2  
  27  2:14  Overlord  
  27  2:25  Zergling x2  
  27  2:29  Drone  
  27  2:31  Drone  
  28  2:41  Drone  
  28  2:44  Drone x2  
  31  2:54  Drone  
  32  3:01  Drone  
  32  3:07  Hatchery  
  32  3:09  Drone  
  32  3:13  Metabolic Boost  
  32  3:17  Drone  
  33  3:21  Drone x2  
  35  3:31  Drone, Overlord  
  36  3:36  Roach Warren  
  35  3:45  Drone  
  36  3:50  Zergling x8, Evolution Chamber  
  36  3:54  Zergling x2  
  40  4:00  Zergling x6  
  43  4:03  Zergling x2  
  44  4:11  Overlord  
  44  4:22  Drone x4  
  44  4:23  Zerg Missile Weapons Level 1  
  48  4:25  Extractor  
  48  4:26  Extractor  
  48  4:28  Drone x4  
  50  4:34  Drone x4  
  54  4:43  Overlord  
  54  4:44  Drone x2  
  55  4:52  Drone x2  
  57  4:53  Lair  
  57  4:56  Overlord  
  57  4:58  Overlord  
  57  5:05  Drone x2  
  57  5:06  Drone  
  60  5:09  Extractor  
  60  5:10  Overlord  
  60  5:12  Roach  
  61  5:15  Drone x2  
  61  5:17  Drone  
  61  5:19  Roach  
  66  5:22  Roach  
  66  5:26  Roach x2  
  72  5:29  Roach  
  72  5:34  Roach x3  
  82  5:43  Roach x3  
  82  5:45  Overlord  
  82  5:46  Overlord  
  86  5:52  Overseer  
  86  5:54  Roach  
  88  5:57  Overlord x2  
  88  6:02  Overseer  
  88  6:05  Roach x4  
  88  6:09  Roach x2, Ravager  
  88  6:10  Ravager  
  102  6:13  Overlord  
  102  6:15  Roach  
  102  6:19  Roach x3  
  106  6:27  Roach x3  
  110  6:32  Ravager  
  110  6:33  Ravager  
  110  6:34  Ravager  
  110  6:35  Roach x3  
  118  6:41  Roach x2  
  118  6:44  Overlord  
  121  6:50  Roach x2  
  114  6:59  Roach x3  
  99  7:06  Roach x2  
  90  7:10  Roach  
  90  7:12  Queen  
  90  7:14  Roach x2  
  79  7:23  Roach x2  
  79  7:27  Roach  
  73  7:30  Roach  
Tags
 
Add a new tag
Caveats
  • Supply blocks, unpowered buildings, or Contaminate may cause inaccurate times.
  • Supply counts are checked every 10 seconds.